 Dungeon Crawl Stone Soup version 0.18.1-48-g4cf74bf (webtiles) character file.

419 Ladykiller69 the Chopper (level 7, -4/54 HPs)
             Began as a Formicid Fighter on Sept 3, 2016.
             Slain by Elystan's ghost (10 damage)
             ... on level 4 of the Dungeon.
             The game lasted 00:05:59 (2676 turns).

Ladykiller69 the Chopper (Formicid Fighter)         Turns: 2676, Time: 00:06:00

Health: -4/54      AC:  8    Str: 23    XL:     7   Next: 16%
Magic:  7/7        EV:  8    Int:  7    God:
Gold:   148        SH: 10    Dex: 10    Spells: 0 memorised, 6 levels left

rFire  . . .     SeeInvis +     a - +0 war axe
rCold  . . .     Gourm    .     b - +0 scale mail
rNeg   . . .     Faith    .     c - +0 shield
rPois  .         Spirit   .     (helmet unavailable)
rElec  .         Dismiss  .     x - +0 cloak
rCorr  .         Reflect  .     (no gloves)
SustAt .         Harm     .     (no boots)
MR     .....                    (no amulet)
Stlth  ..........               (no ring)
                                (no ring)

@: not resistant to hostile enchantments, extremely unstealthy
A: permanent stasis, dig shafts and tunnels, four strong arms, antennae 3
a: Dig, Shaft Self


You were on level 4 of the Dungeon.
You were hungry.

You visited 1 branch of the dungeon, and saw 4 of its levels.

You collected 148 gold pieces.

Inventory:

Hand Weapons
 a - a +0 war axe (weapon)
 o - a +2 halberd of flaming
Armour
 b - a +0 scale mail (worn)
 c - a +0 shield (worn)
 x - a +0 cloak (worn)
Jewellery
 i - an uncursed ring of wizardry {unknown}
Wands
 t - a wand of polymorph (10/24)
Scrolls
 e - 2 scrolls of remove curse {unknown}
 h - a scroll of enchant armour {unknown}
 j - a scroll of recharging {unknown}
 n - 3 scrolls of identify {unknown}
 u - a scroll of fog {unknown}
 w - a scroll of random uselessness {unknown}
Potions
 d - a potion of might
 k - 4 potions of berserk rage {unknown}
 l - a potion of ambrosia {unknown}
 m - a potion of degeneration {unknown}
 q - 3 potions of curing {unknown}
 r - a potion of haste {unknown}
 s - 2 potions of flight {unknown}
 z - a potion of lignification {unknown}
Comestibles
 f - 3 bread rations
 g - 4 fruits
 p - 2 meat rations
 v - a beef jerky


   Skills:
 - Level 4.0 Fighting
 * Level 5.4 Axes
 - Level 4.2 Armour
 + Level 5.4 Shields


You had 6 spell levels left.
You didn't know any spells.

Dungeon Overview and Level Annotations

Branches:
Dungeon (4/15)
 Temple: D:4-7

Altars:
Elyvilon
Vehumet

Annotations:
D:4 Elystan's ghost, amateur FoFi


Innate Abilities, Weirdness & Mutations

You are under a permanent stasis effect.
You can dig through walls and to a lower floor.
Your four strong arms can wield two-handed weapons with a shield.
You have a pair of large antennae on your head (SInv).


Message History

You hit the quokka but do no damage. You barely miss Elystan's ghost.
Elystan's ghost is moderately damaged.
The quokka barely misses you. You block Elystan's ghost's attack.
You block the quokka's attack.
You hit the quokka.
The quokka is moderately wounded.
You hit Elystan's ghost but do no damage.
Elystan's ghost is moderately damaged.
Elystan's ghost hits you.
The quokka bites you but does no damage.
You barely miss the quokka.
The quokka is moderately wounded.
You hit Elystan's ghost.
Elystan's ghost is moderately damaged.
Elystan's ghost hits you!
* * * LOW HITPOINT WARNING * * *
The quokka bites you.
* * * LOW HITPOINT WARNING * * *
Elystan's ghost hits you!
You die...

.# .# $. .# .#
###.# #...+
#W#†# #@#..[
#r#######
#####.......#
#....<#####.#
#.............#
..#.###########
#


You could see Elystan's ghost and a quokka.

Vanquished Creatures
  A sky beast (D:3)
  A howler monkey (D:4)
  Crazy Yiuf (D:3)
  Natasha (thrice) (D:2)
  Terence (D:3)
  Robin (D:3)
  3 gnolls (D:2)
  4 adders
  An ooze (D:1)
  3 worms
  2 giant geckos
  An orc (D:3)
  5 bats
  3 giant cockroaches
  14 goblins
  13 hobgoblins
  11 kobolds
  4 giant newts
  14 rats
86 creatures vanquished.

Notes
Turn   | Place    | Note
--------------------------------------------------------------
     0 | D:1      | Ladykiller69 the Formicid Fighter began the quest for the Orb.
     0 | D:1      | Reached XP level 1. HP: 18/18 MP: 1/1
   170 | D:1      | Reached XP level 2. HP: 22/24 MP: 2/2
   342 | D:1      | Reached XP level 3. HP: 22/29 MP: 3/3
   720 | D:2      | Reached XP level 4. HP: 30/37 MP: 4/4
   772 | D:2      | Found a faded altar to an unknown god.
   912 | D:2      | Noticed Natasha
   924 | D:2      | Killed Natasha
   924 | D:2      | Reached XP level 5. HP: 28/42 MP: 5/5
  1154 | D:2      | Found a radiant altar of Vehumet.
  1173 | D:2      | Found a white marble altar of Elyvilon.
  1174 | D:2      | Noticed Natasha
  1190 | D:2      | Killed Natasha
  1272 | D:2      | Noticed Natasha
  1275 | D:2      | Killed Natasha
  1427 | D:3      | Reached XP level 6. HP: 44/48 MP: 6/6
  1500 | D:3      | Noticed Terence
  1512 | D:3      | Killed Terence
  1542 | D:3      | Noticed a sky beast
  1565 | D:3      | Killed a sky beast
  1565 | D:3      | Reached skill level 5 in Shields
  2111 | D:3      | Reached skill level 5 in Axes
  2249 | D:3      | Noticed Robin
  2274 | D:3      | Killed Robin
  2495 | D:3      | Noticed Crazy Yiuf
  2507 | D:3      | Killed Crazy Yiuf
  2507 | D:3      | Reached XP level 7. HP: 29/54 MP: 1/7
  2665 | D:4      | Noticed Elystan's ghost (amateur FoFi)
  2676 | D:4      | Slain by Elystan's ghost

Skill      XL: |  1  2  3  4  5  6 |
---------------+-------------------+-----
Axes           | 3 4 5 |  5.4
Shields        | 4 5 |  5.4
Armour         | 4 |  4.2
Fighting       | 4 |  4.0

Action                   |  1- 3 |  4- 6 |  7- 9 || total
-------------------------+-------+-------+-------++-------
Melee: War axe           |    63 |   205 |    14 ||   282
 Abil: Dig               |     2 |     1 |       ||     3
  Eat: Chunk             |       |     6 |       ||     6
Armor: Scale mail        |    15 |    54 |     7 ||    76
Dodge: Dodged            |    20 |    60 |     3 ||    83
Block: Shield            |    29 |    92 |     8 ||   129
